 Dungeon Crawl Stone Soup version 0.29-a0-559-g359e09b9d1 (webtiles) character file.

Game seed: 15224004945241659708

353 testman the Chopper (level 7, -1/62 HPs)
             Began as a Meteoran Fighter on June 10, 2022.
             Was an Initiate of Gozag.
             Slain by a gnoll
             ... wielding a +0 halberd
             ... led by a gnoll shaman
              (5 damage)
             ... on level 4 of the Dungeon.
             The game lasted 00:11:08 (1268 turns).

testman the Chopper (Meteoran Fighter)              Turns: 1268, Time: 00:11:09

Health: -1/62      AC: 11    Str: 21    XL:     7   Next: 16%
Magic:  8/8        EV:  9    Int:  9    God:    Gozag
Gold:   304        SH:  6    Dex: 19    Spells: 6/6 levels left

rFire   + . .      SeeInvis .   a - +0 war axe
rCold   . . .      Faith    .   c - +0 buckler
rNeg    . . .      Spirit   .   b - +0 scale mail
rPois   +          Reflect  .   u - +0 helmet
rElec   .          Harm     .   m - +0 cloak
rCorr   .          Rampage  .   p - +1 pair of gloves "Qeno" {rPois rF+}
Will    .....                   (no boots)
Stlth   ..........              (no amulet)
HPRegen 0.20/turn               i - +6 ring of dexterity
MPRegen 0.11/turn               (no ring)

@: gold aura, glowing
A: sense surroundings 1, otherworldly, glowing, explore regen
a: Renounce Religion, Potion Petition, Call Merchant, Bribe Branch


You were on level 4 of the Dungeon.
You worshipped Gozag.
Gozag was aware of your devotion.
You visited 1 branch of the dungeon, and saw 4 of its levels.

You collected 634 gold pieces.
You spent 330 gold pieces at shops.

Inventory:

Hand Weapons
 a - a +0 war axe (weapon)
Armour
 b - a +0 scale mail (worn)
 c - a +0 buckler (worn)
 m - a +0 cloak (worn)
 p - the +1 pair of gloves "Qeno" (worn) {rPois rF+}
   (You bought it in a shop on level 3 of the Dungeon)

   rF:        It protects you from fire.
   rPois:     It protects you from poison.
 u - a +0 helmet (worn)
Jewellery
 i - a +6 ring of dexterity (left hand)
Wands
 v - a wand of charming (14)
Scrolls
 e - a scroll of blinking {unknown}
 g - a scroll of poison {unknown}
 h - a scroll of magic mapping {unknown}
 k - 3 scrolls of identify {unknown}
 l - a scroll of brand weapon {unknown}
 o - 2 scrolls of noise {unknown}
 s - a scroll of teleportation {unknown}
 t - a scroll of fog {unknown}
Potions
 d - a potion of haste {unknown}
 f - a potion of brilliance
 j - 2 potions of flight {unknown}
 n - a potion of magic {unknown}
 q - a potion of heal wounds
 r - 2 potions of curing {unknown}


   Skills:
 + Level 5.8 Fighting
 + Level 5.8 Axes
 - Level 4.0 Armour
 - Level 4.0 Shields


You had 6 spell levels left.
You didn't know any spells.
Your spell library contained the following spells:

 Spells                   Type           Power      Damage    Failure   Level
 Foxfire                  Conj/Fire      0%         2x1d4     80%         1
 Conjure Flame            Conj/Fire      0%         6-21      99%         3
 Inner Flame              Hex/Fire       0%         N/A       99%         3
 Flame Wave               Conj/Fire      0%         2d4       100%        4


Dungeon Overview and Level Annotations

Branches:
Dungeon (4/15)
 Temple: D:4-7

Altars:
Gozag

Shops:
D:3 [*   D:4 (


Innate Abilities, Weirdness & Mutations

You passively map a small area around you.
You are easily found by Zot.
You glow in the dark.
You regain HP and MP as you explore.


Message History

The gnoll shaman hits you but does no damage.
The gnoll hits you but does no damage.
You closely miss the gnoll shaman.
The gnoll shaman is heavily wounded.
You barely miss the gnoll.
The gnoll hits you from afar with a +0 halberd.
The gnoll shaman hits you with a +0 club!
You block the gnoll's attack. x2; The gnoll hits you but does no damage.
The gnoll shaman hits you but does no damage.
The gnoll attacks as you move away! The gnoll hits you but does no damage.
You barely miss the gnoll shaman.
The gnoll shaman is heavily wounded.
The gnoll shaman hits you with a +0 club.
You slash the gnoll shaman!
The gnoll shaman is almost dead.
The gnoll hits you but does no damage.
The gnoll shaman hits you but does no damage.
You hit the gnoll shaman but do no damage.
The gnoll shaman is almost dead.
The gnoll hits you from afar with a +0 halberd!
* * * LOW HITPOINT WARNING * * *
The gnoll shaman utters an invocation to its god.
The gnoll shaman is healed somewhat.
The gnoll hits you from afar with a +0 halberd.
* * * LOW HITPOINT WARNING * * *
The gnoll hits you with a +0 whip.
* * * LOW HITPOINT WARNING * * *
The gnoll shaman hits you with a +0 club.
* * * LOW HITPOINT WARNING * * *
You hit the gnoll shaman.
The gnoll shaman is almost dead.
You hit the gnoll but do no damage.
The gnoll shaman calls upon its god to heal the gnoll.
The gnoll is healed somewhat.
The gnoll barely misses you.
You slash the gnoll shaman!
You kill the gnoll shaman!
You closely miss the gnoll.
The gnoll hits you from afar with a +0 halberd.
You die...
Your body crumbles into a pile of gold.

* , , * ## ################
#.. #..............# # ##.#
#....##.......##. ####..#
###..##.......#..
###.....#######.............#
,
#.........##g..∩...........#
..........g.@...##........#
.........##$##..##....)...#
..........####..#.........#
...=.......# ##..#........#
......$....#* ###.........#
............# ###......##
#...........# ##...###
##...........# #.###
#...........# ##.#


You could see 2 gnolls.

Vanquished Creatures
  A phantom (D:4)
  A necrophage (D:3)
  A gnoll shaman (D:4)
  Terence (D:2)
  2 orc wizards (D:2)
  Robin (D:3)
  A gnoll (D:4)
  4 adders
  A worm (D:3)
  A dart slug (D:2)
  3 orcs (D:2)
  3 endoplasms
  2 giant cockroaches
  9 goblins
  11 hobgoblins
  4 jackals
  3 quokkas
  3 ball pythons
  4 bats
  3 frilled lizards
  13 kobolds
  5 rats
77 creatures vanquished.

Notes
Turn   | Place    | Note
-------+----------+-------------------------------------------
     0 | D:1      | testman the Meteoran Fighter began the quest for the Orb.
     0 | D:1      | Reached XP level 1. HP: 19/19 MP: 2/2
    20 | D:1      | Found a faded altar of an unknown god.
    28 | D:1      | Prayed at the altar of an unknown god.
    28 | D:1      | Became a worshipper of Gozag Ym Sagoz the Greedy
   112 | D:1      | Reached XP level 2. HP: 26/26 MP: 3/3
   251 | D:1      | Reached XP level 3. HP: 26/31 MP: 4/4
   414 | D:2      | Noticed Terence
   430 | D:2      | Killed Terence
   431 | D:2      | Reached XP level 4. HP: 21/40 MP: 5/5
   517 | D:2      | Reached XP level 5. HP: 20/47 MP: 6/6
   829 | D:3      | Found Ireexkom's General Store.
   844 | D:3      | Found Daupt's Antique Armour Boutique.
   853 | D:3      | Bought a pair of ancient gloves for 275 gold pieces
   853 | D:3      | Identified the +1 pair of gloves "Qeno" {rPois rF+} (You
                  | bought it in a shop on level 3 of the Dungeon)
   882 | D:3      | Bought a potion of heal wounds for 55 gold pieces
   992 | D:3      | Noticed Robin
   993 | D:3      | Noticed a necrophage
  1014 | D:3      | Reached XP level 6. HP: 43/55 MP: 7/7
  1025 | D:3      | Killed Robin
  1026 | D:3      | Reached skill level 5 in Fighting
  1036 | D:3      | Reached skill level 5 in Axes
  1212 | D:4      | Reached XP level 7. HP: 55/62 MP: 8/8
  1216 | D:4      | Found Cyroal's Antique Weapon Shop.
  1268 | D:4      | Slain by a gnoll

Illustrated notes

Levels and vault maps discovered:
D:1:      dpeg_arrival_shrine, layout_basic, ebering_ecumenical_altar_rust,
          minmay_distorted
D:2:      layout_loops_cross, uniq_terence
D:3:      layout_rooms, serial_shops, shop, shop, nicolae_diamond_shop,
          uniq_robin
D:4:      layout_cave_pods, serial_shops, nicolae_square_shop, minmay_pentangle,
          uniq_ijyb, uniq_eustachio

Skill      XL: |  1  2  3  4  5  6 |
---------------+-------------------+-----
Axes           | 3 4 5 |  5.8
Armour         | 4 |  4.0
Shields        | 4 |  4.0
Fighting       | 4 5 |  5.8

Action                   |  1- 3 |  4- 6 |  7- 9 || total
-------------------------+-------+-------+-------++-------
Melee: War axe           |    46 |   138 |    14 ||   198
  Use: Potion            |     3 |       |       ||     3
 Stab: Distracted        |       |     1 |       ||     1
Armor: Scale mail        |    34 |    88 |     7 ||   129
Dodge: Dodged            |    16 |    48 |     6 ||    70
Block: Buckler           |     8 |    39 |     4 ||    51

Table legend: (Time is in decaauts)
 A = Elapsed time spent in this place.
 B = Non-inter-level travel time spent in this place.
 C = Inter-level travel time spent in this place.
 D = Time resting spent in this place.
 E = Time spent auto-exploring this place.
 F = Levels seen in this place.
 G = Mean time per level.
                   A        B        C        D        E       F      G
               +--------+--------+--------+--------+--------+-----+--------+
         Total |   1333 |    879 |    454 |      0 |    173 |   4 |  333.2 |
       Dungeon |   1333 |    879 |    454 |      0 |    173 |   4 |  333.2 |
               +--------+--------+--------+--------+--------+-----+--------+

Top non-repeatable levels by time:
     D:1: 456 daAuts
     D:2: 425 daAuts
     D:3: 335 daAuts
     D:4: 116 daAuts
